 Dungeon Crawl Stone Soup version 0.31-a0-818-ge7c7cf74f0 (webtiles) character file.

Game seed: 11058337931039357590

1548 Demosthentine the Trooper (level 8, -5/62 HPs)
             Began as a Demonspawn Gladiator on Sept 22, 2023.
             Slain by an orc warrior
             ... wielding a +0 trident
              (10 damage)
             ... on level 6 of the Dungeon.
             The game lasted 00:07:23 (5019 turns).

Demosthentine the Trooper (Demonspawn Gladiator)    Turns: 5019, Time: 00:07:24

Health: -5/62      AC:  7    Str: 23    XL:     8   Next: 57%
Magic:  8/8        EV: 13    Int: 10    God:
Gold:   238        SH:  0    Dex: 14    Spells: 7/7 levels left

rFire   . . .        a - +1 trident
rCold   . . .        (no shield)
rNeg    + . .        b - +0 leather armour
rPois   .            c - +1 helmet
rElec   .            (no cloak)
rCorr   .            (no gloves)
SInv    .            (no boots)
Will    .....        (no amulet)
Stlth   +            l - ring of positive energy
HPRegen 0.30/turn    v - +6 ring of strength
MPRegen 0.11/turn

%: no passive effects
@: mighty, studying Invocations
A: yellow scales 1, spiny 1, demonic touch 1
a: no special abilities


You were on level 6 of the Dungeon.
You visited 2 branches of the dungeon, and saw 7 of its levels.

You collected 238 gold pieces.

Inventory:

Hand Weapons
 a - a +1 trident (weapon)
Missiles
 d - 2 throwing nets (quivered)
 e - a javelin
Armour
 b - a +0 leather armour (worn)
 c - a +1 helmet (worn)
 j - a +0 buckler
Jewellery
 l - a ring of positive energy (left hand)
 v - a +6 ring of strength (right hand)
 y - a ring of positive energy
Wands
 o - a wand of iceblast (10)
Scrolls
 f - 3 scrolls of teleportation
 n - a scroll of enchant armour
 r - 2 scrolls of enchant weapon
 s - a scroll of torment {unknown}
 u - a scroll of revelation
 w - a scroll of identify
 x - a scroll of poison {unknown}
Potions
 g - a potion of haste
 h - 2 potions of attraction
 i - 2 potions of mutation
 k - 4 potions of might
 m - 3 potions of curing
 p - a potion of cancellation
 q - a potion of brilliance
 t - a potion of resistance {unknown}


   Skills:
 + Level 5.2 Fighting
 + Level 5.2 Polearms
 - Level 1.7 Throwing
 + Level 4.1 Armour
 + Level 5.1 Dodging
 + Level 4.0 Shields


You had 7 spell levels left.
You didn't know any spells.
Your spell library contained the following spells:

 Spells                   Type           Power      Damage    Failure   Level
 Sting                    Tmut/Pois      0%         1d3       41%         1
 Poisonous Vapours        Pois/Air       0%         N/A       54%         2
 Ozocubu's Armour         Ice            0%         N/A       78%         3
 Olgreb's Toxic Radiance  Pois           0%         N/A       99%         4
 Metabolic Englaciation   Hex/Ice        0%         N/A       100%        5
 Simulacrum               Ice/Necr       0%         N/A       100%        6


Dungeon Overview and Level Annotations

Branches:
Dungeon (6/15)             Temple (1/1) D:5

Altars:
Ashenzari
Cheibriados
Dithmenos
Fedhas
Makhleb
Okawaru
Qazlal
Ru
Trog
Uskayaw
Vehumet
Wu Jian


Innate Abilities, Weirdness & Mutations

You are partially covered in yellow scales. (AC +2)
You are partially covered in sharp spines.
Your touch may inflict minor irresistible damage on your foes.


Message History

The orc hits you but does no damage.
The orc warrior hits you from afar with a +0 trident.
Reach: a) +1 trident
Press: ? - help, Dir - move target, f/p - orc warrior
Aim: an orc warrior, wielding a +0 trident and wearing a +0 plate armour (lightly wounded, about 37% to evade your +1 trident)
You reach to attack!
You hit the orc warrior.
The orc warrior is moderately wounded.
The orc is struck by your spines. The orc barely misses you.
The orc warrior hits you from afar with a +0 trident.
Reach: a) +1 trident
Press: ? - help, Dir - move target, f/p - orc warrior
Aim: an orc warrior, wielding a +0 trident and wearing a +0 plate armour (moderately wounded, about 37% to evade your +1 trident)
The orc is in the way.
You puncture the orc!
You kill the orc!
The orc warrior barely misses you.
Reach: a) +1 trident
Press: ? - help, Dir - move target, f/p - orc warrior
Aim: an orc warrior, wielding a +0 trident and wearing a +0 plate armour (moderately wounded, about 37% to evade your +1 trident)
You reach to attack!
You puncture the orc warrior!
The orc warrior is severely wounded.
The orc warrior hits you from afar with a +0 trident!
* * * LOW HITPOINT WARNING * * *
Reach: a) +1 trident
Press: ? - help, Dir - move target, f/p - orc warrior
Aim: an orc warrior, wielding a +0 trident and wearing a +0 plate armour (severely wounded, about 37% to evade your +1 trident)
You reach to attack!
You barely miss the orc warrior.
The orc warrior is severely wounded.
The orc warrior hits you from afar with a +0 trident.
* * * LOW HITPOINT WARNING * * *
Okay, then.
The orc warrior attacks as it pursues you!
The orc warrior misses you.
The orc warrior attacks as it pursues you!
The orc warrior hits you from afar with a +0 trident.
* * * LOW HITPOINT WARNING * * *
The orc warrior attacks as it pursues you!
The orc warrior barely misses you.
The orc warrior attacks as it pursues you!
The orc warrior hits you from afar with a +0 trident!
You die...

###..## #...#..####..#.....
#### ##..#..# #........
#.....## #..##....
#.8o.o8.#....[.####.####...
#..o....##.##....##..##...#
#.......#..##.............#
#.8...8.#.>#..............#
#......o#......)...........
#.....##.@...........#....
#8...8###.................
#.oo# #.o...............#
##)## #.....#.......##..#
#o)# ##o..###..#รท..##.##
##.####o....#..#).####..
#.o..o...#...###...#.##
###......##.## ##.....#
###......##.# #....##


You could see an orc warrior, an orc wizard and 2 orcs.

Vanquished Creatures
  Sigmund (D:5)
  A black bear (D:6)
  An orc warrior (D:6)
  An ice beast (D:5)
  5 wights (D:6)
  5 jellies
  4 orc priests
  4 hounds
  Ijyb (D:3)
  Natasha (twice) (D:2)
  2 sleepcaps
  2 orc wizards
  Terence (D:2)
  4 gnolls (D:5)
  6 adders
  A shadow imp (D:6)
  2 ufetubi
  A worm (D:3)
  4 dart slugs
  20 orcs
  9 bats
  14 endoplasms
  7 giant cockroaches
  7 goblins
  10 hobgoblins
  4 jackals (D:1)
  13 kobolds
  5 quokkas
  8 ball pythons
  2 frilled lizards
  5 rats
152 creatures vanquished.

Notes
Turn   | Place    | Note
-------+----------+-------------------------------------------
     0 | D:1      | Demosthentine the Demonspawn Gladiator began the quest for
                  | the Orb.
     0 | D:1      | Reached XP level 1. HP: 16/16 MP: 1/1
   104 | D:1      | Gained mutation: Your touch may inflict minor irresistible
                  | damage on your foes. [demonic ancestry]
   104 | D:1      | Reached XP level 2. HP: 21/22 MP: 2/2
   170 | D:1      | Reached skill level 1 in Armour
   187 | D:1      | Reached XP level 3. HP: 28/28 MP: 3/3
   954 | D:2      | Noticed Terence
   965 | D:2      | Killed Terence
   966 | D:2      | Gained mutation: You are partially covered in yellow
                  | scales. (AC +2) [demonic ancestry]
   966 | D:2      | Reached XP level 4. HP: 16/34 MP: 4/4
  1056 | D:2      | Identified the +3 scale mail of the Treeataur {SInv}
  1177 | D:2      | Noticed Natasha
  1182 | D:2      | Killed Natasha
  1183 | D:2      | Reached skill level 1 in Shields
  1472 | D:2      | Reached XP level 5. HP: 28/41 MP: 5/5
  1921 | D:2      | Noticed Natasha
  1926 | D:2      | Killed Natasha
  2420 | D:3      | Reached XP level 6. HP: 47/47 MP: 6/6
  2612 | D:3      | Noticed Ijyb
  2622 | D:3      | Killed Ijyb
  2677 | D:4      | Found a hide-covered altar of Uskayaw.
  2677 | D:4      | Noticed a +0 falchion
  2677 | D:4      | Noticed a +0 short sword
  2677 | D:4      | Noticed a +0 dagger
  2678 | D:4      | Noticed a +0 short sword
  2679 | D:4      | Noticed a +0 dagger
  2679 | D:4      | Noticed a +0 spear
  2680 | D:4      | Noticed a +0 falchion
  2681 | D:4      | Noticed a +0 spear
  3278 | D:5      | Entered Level 5 of the Dungeon
  3424 | D:5      | Noticed Sigmund
  3436 | D:5      | Killed Sigmund
  3437 | D:5      | Reached XP level 7. HP: 23/53 MP: 7/7
  3910 | D:5      | Found a staircase to the Ecumenical Temple.
  4016 | Temple   | Entered the Ecumenical Temple
  4559 | D:6      | Found a runed translucent door.
  4674 | D:6      | Gained mutation: You are partially covered in sharp spines.
                  | [demonic ancestry]
  4674 | D:6      | Reached XP level 8. HP: 61/61 MP: 8/8
  4974 | D:6      | Reached skill level 5 in Polearms
  4976 | D:6      | Reached skill level 5 in Fighting
  4976 | D:6      | Reached skill level 5 in Dodging
  5014 | D:6      | HP: 3/62 [orc warrior/+0 trident (4)]
  5019 | D:6      | Slain by an orc warrior

Illustrated notes

Levels and vault maps discovered:
D:1:      wheals_arrival_linesprint, layout_basic
D:2:      cheibrodos_fertilizer, layout_loops_corners, basic_altar,
          item_on_display_a, uniq_terence, uniq_natasha
D:3:      layout_loops_cross, corexii_leaking_fountain, uniq_ijyb
D:4:      layout_cave_pools, nicolae_uskayaw_en_pointe
D:5:      layout_basic, minmay_temple_entry_hall, uniq_sigmund
D:6:      layout_cave_pools, lightli_church_of_beogh
Temple:   nicolae_temple_two_arcs

Skill      XL: |  1  2  3  4  5  6  7  8 |
---------------+-------------------------+-----
Polearms       | 3 4 5 |  5.2
Armour         | 1 2 3 4 |  4.1
Dodging        | 3 4 5 |  5.1
Shields        | 1 2 3 4 |  4.0
Fighting       | 3 4 5 |  5.2
Throwing       | |  1.7

Action                     |  1- 3 |  4- 6 |  7- 9 || total
---------------------------+-------+-------+-------++-------
  Melee: Trident           |    87 |   189 |   133 ||   409
         Touch             |    15 |    27 |    19 ||    61
         Punch             |     1 |       |     1 ||     2
  Throw: Throwing net      |     1 |     2 |       ||     3
    Use: Scroll            |     4 |     8 |     2 ||    14
         Potion            |       |       |     4 ||     4
   Stab: Sleeping          |     3 |     1 |       ||     4
 Armour: Leather armour    |    27 |    65 |    80 ||   172
  Dodge: Dodged            |    44 |   103 |    74 ||   221

Table legend: (Time is in decaauts)
 A = Elapsed time spent in this place.
 B = Non-inter-level travel time spent in this place.
 C = Inter-level travel time spent in this place.
 D = Time resting spent in this place.
 E = Time spent auto-exploring this place.
 F = Levels seen in this place.
 G = Mean time per level.
                   A        B        C        D        E       F      G
               +--------+--------+--------+--------+--------+-----+--------+
         Total |   5074 |   4823 |    251 |    121 |   3805 |   7 |  724.9 |
       Dungeon |   4981 |   4731 |    250 |    121 |   3714 |   6 |  830.2 |
        Temple |     92 |     92 |      0 |      0 |     91 |   1 |   92.0 |
               +--------+--------+--------+--------+--------+-----+--------+

Top non-repeatable levels by time:
     D:2: 1100 daAuts
     D:5: 1075 daAuts
     D:1: 1014 daAuts
     D:3: 744 daAuts
     D:6: 583 daAuts
     D:4: 462 daAuts
  Temple: 92 daAuts
